[Event "Titled Tuesday Blitz June 8 2021"]
[White "elcandado"]
[Black "Galego, Luis"]
[BlackFideId "1900072"]
[WhiteElo "2638"]
[BlackElo "2524"]
[Result "1/2-1/2"]
[Round "07"]
[TimeControl "180+1"]
[Date "2021.06.08"]
[WhiteClock "0:00:10"]
[BlackClock "0:00:06"]

1. d4 Nf6 2. Bf4 g6 3. Nc3 Bg7 4. e4 d6 5. Qd2 O-O 6. O-O-O Nbd7 7. Bh6 e5 8. Bxg7 Kxg7 9. Nge2 h5 10. f3 c6 11. g3 b5 12. dxe5 dxe5 13. Bh3 Qb6 14. Kb1 Nc5 15. Bxc8 Raxc8 16. Nc1 Rfd8 17. Qg5 Qc7 18. Nb3 Ne6 19. Qc1 a5 20. Qe3 a4 21. Nc5 Nd4 22. Ne2 Nxe2 23. Qxe2 Rxd1+ 24. Rxd1 Rd8 25. Rxd8 Qxd8 26. Qd3 Qxd3 27. cxd3 h4 28. Kc2 hxg3 29. hxg3 Nh5 30. Nd7 f6 31. Nb8 c5 32. Nd7 Nxg3 33. Nxc5 Ne2 34. Kd2 Nd4 35. Ke3 Kf7 36. Na6 g5 37. Nb4 Ke6 38. Kf2 f5 39. exf5+ Nxf5 40. Ke2 Kd6 41. a3 Kc5 42. Kf2 Kd4 43. Ke2 Ng3+ 44. Kf2 Nh5 45. Ke2 Ng3+ 46. Kd2 Nf5 47. Nc2+ Kd5 48. Ne3+ Ke6 49. Nxf5 Kxf5 50. Ke3 Kf6 51. Ke4 Ke6 52. d4 exd4 53. Kxd4 Kf5 54. Ke3 Ke5 55. Kd3 Kf4 56. Ke2 Kf5 57. Ke3 Ke5 58. Kd3 Kf4 59. Ke2 Kf5 60. Ke3 1/2-1/2


[Site "https://www.chess.com"]

[Event "Titled Tuesday Blitz June 8 2021"]
[White "Abdusattorov, Nodirbek"]
[Black "Nakamura, Hikaru"]
[WhiteFideId "14204118"]
[BlackFideId "2016192"]
[WhiteElo "2662"]
[BlackElo "2900"]
[Result "1/2-1/2"]
[Round "08"]
[TimeControl "180+1"]
[Date "2021.06.08"]
[WhiteClock "0:01:26"]
[BlackClock "0:01:42"]

1. d4 Nf6 2. c4 e6 3. Nc3 Bb4 4. g3 O-O 5. Bg2 d5 6. Nf3 dxc4 7. a3 Bxc3+ 8. bxc3 c5 9. O-O Bd7 10. Ne5 Bc6 11. Nxc6 Nxc6 12. Rb1 cxd4 13. cxd4 Qe7 14. Bxc6 bxc6 15. Qc2 c5 16. Qxc4 cxd4 17. Qxd4 Rfd8 18. Qh4 Rac8 19. Bg5 h6 20. Bxf6 Qxf6 21. Qxf6 gxf6 22. Rb7 Rd2 23. e3 Ra2 24. Rxa7 Rc3 25. a4 1/2-1/2


[Site "https://www.chess.com"]

[Event "Titled Tuesday Blitz June 8 2021"]
[White "Aitbayev, Aslan"]
[Black "Ibrayev, Nurlan"]
[WhiteFideId "13704613"]
[BlackFideId "13700650"]
[WhiteElo "2417"]
[BlackElo "2366"]
[Result "0-1"]
[Round "08"]
[TimeControl "180+1"]
[Date "2021.06.08"]
[WhiteClock "0:00:04"]
[BlackClock "0:00:15"]

1. e4 c5 2. Nf3 d6 3. d4 cxd4 4. Nxd4 Nf6 5. Nc3 a6 6. Be3 e6 7. g4 b5 8. g5 Nfd7 9. a3 Bb7 10. h4 Nc6 11. h5 Rc8 12. Rh3 Nce5 13. g6 hxg6 14. hxg6 Nxg6 15. Rxh8 Nxh8 16. Qh5 Ng6 17. Nxe6 Qf6 18. Nxf8 Ngxf8 19. O-O-O Rxc3 20. bxc3 Qxc3 21. Rd3 Qa1+ 22. Kd2 Qxf1 23. Rxd6 Qa1 24. Rd3 Ne5 25. Bd4 Nc4+ 26. Ke2 Qc1 27. Qh3 Qxc2+ 28. Ke1 Qb1+ 29. Ke2 Qc2+ 30. Ke1 Ne6 31. Qh8+ Ke7 32. Bc5+ Nxc5 33. Qd8+ Ke6 34. Qe8+ Kf6 35. Rf3+ Kg5 36. Qe7+ Kg4 37. Rg3+ Kf4 38. Qg5+ Kxe4 39. Rg4+ Kd3 40. Rg3+ Kd4 41. Qg6 Qxg6 0-1


[Site "https://www.chess.com"]

[Event "Titled Tuesday Blitz June 8 2021"]
[White "Alavkin, Arseny"]
[Black "Tristan, Leonardo"]
[WhiteFideId "4120612"]
[BlackFideId "113816"]
[WhiteElo "2401"]
[BlackElo "2404"]
[Result "1-0"]
[Round "08"]
[TimeControl "180+1"]
[Date "2021.06.08"]
[WhiteClock "0:00:19"]
[BlackClock "0:00:55"]

1. e4 Nf6 2. e5 Nd5 3. c4 Nb6 4. d4 d6 5. exd6 cxd6 6. Nc3 g6 7. Be3 Bg7 8. Bd3 O-O 9. Nge2 Nc6 10. O-O d5 11. c5 Nc4 12. Bxc4 dxc4 13. d5 Nb4 14. Qa4 Nxd5 15. Rfd1 Nxc3 16. Nxc3 Qe8 17. Qxc4 Be6 18. Qb4 Qc6 19. Rd2 Rfd8 20. Rad1 Rxd2 21. Rxd2 a5 22. Qb6 Qxb6 23. cxb6 a4 24. a3 Rc8 25. Bd4 Bh6 26. Be3 Bxe3 27. fxe3 Rc6 28. Nxa4 Bb3 29. Nc3 Rxb6 30. e4 Kg7 31. Kf2 e6 32. Ke3 Kf6 33. Rd7 Bc4 34. b4 Bb3 35. Kd4 Ra6 36. e5+ Kg7 37. Ne4 Rxa3 38. Nd6 Ra2 39. Nxf7 Rxg2 40. Kc5 Rxh2 41. Ng5+ Kg8 42. Rxb7 Rc2+ 43. Kd6 h5 44. Ne4 Bd5 45. Nf6+ Kf8 46. Nxd5 exd5 47. Rb8+ Kg7 48. e6 h4 49. e7 Re2 50. e8=Q Rxe8 51. Rxe8 g5 52. b5 h3 53. b6 g4 54. b7 h2 55. Re1 g3 56. b8=Q g2 57. Qb7+ Kg6 58. Re6+ Kg5 59. Qg7+ Kf4 60. Qxg2 h1=Q 61. Qxh1 d4 62. Qe4+ 1-0


[Site "https://www.chess.com"]

[Event "Titled Tuesday Blitz June 8 2021"]
[White "Annaberdiyev, Babageldi"]
[Black "Vokhidov, Shamsiddin"]
[WhiteFideId "14000385"]
[BlackFideId "14204223"]
[WhiteElo "2332"]
[BlackElo "2572"]
[Result "1/2-1/2"]
[Round "08"]
[TimeControl "180+1"]
[Date "2021.06.08"]
[WhiteClock "0:00:50"]
[BlackClock "0:00:49"]

1. e4 e5 2. Nf3 Nc6 3. Bc4 Nf6 4. d4 exd4 5. O-O Nxe4 6. Re1 d5 7. Bxd5 Qxd5 8. Nc3 Qh5 9. Nxe4 Be6 10. Bg5 Bd6 11. h4 h6 12. Nxd6+ cxd6 13. Bf4 Qd5 14. c3 g5 15. Bg3 gxh4 16. Bxh4 Rg8 17. Bg3 Rg4 18. Nxd4 Rxd4 19. cxd4 Kd7 20. Qa4 Rg8 21. Rad1 h5 22. Re5 Qc4 23. Qxc4 Bxc4 24. Rf5 Ne7 25. Rf6 Rg6 26. Rxg6 fxg6 27. b3 Bd5 28. f3 a6 29. Be1 Nf5 30. Bd2 Ke6 31. Bf4 Kd7 32. Kf2 Ke6 33. Rd2 Kd7 34. Rd1 Ke6 35. Rd2 Kd7 36. Rd1 1/2-1/2


[Site "https://www.chess.com"]

[Event "Titled Tuesday Blitz June 8 2021"]
[White "Avramidou, Anastasia"]
[Black "Herrera Reyes, Jose Antonio"]
[WhiteFideId "4239873"]
[BlackFideId "2274914"]
[WhiteElo "2183"]
[BlackElo "2370"]
[Result "1-0"]
[Round "08"]
[TimeControl "180+1"]
[Date "2021.06.08"]
[WhiteClock "0:01:54"]
[BlackClock "0:00:18"]

1. d4 Nf6 2. c4 c5 3. d5 b5 4. cxb5 a6 5. bxa6 g6 6. Nc3 Bg7 7. Nf3 O-O 8. e4 Qa5 9. Bd2 Bxa6 10. Bxa6 Qxa6 11. Qe2 d6 12. Qxa6 Nxa6 13. Ke2 Rfb8 14. Rhb1 Nb4 15. Rc1 Na6 16. a4 Rxb2 17. Rcb1 Rxb1 18. Rxb1 Nb4 19. Ne1 Nd7 20. Nd3 Nxd3 21. Kxd3 Ne5+ 22. Ke2 Nc4 23. Be1 Bd4 24. f3 f5 25. Kd3 Ne5+ 26. Ke2 fxe4 27. fxe4 Bxc3 28. Bxc3 Rxa4 29. Ke3 Ra3 30. Kd2 Nc4+ 31. Kd3 Ne5+ 32. Kc2 Ra2+ 33. Kb3 Rxg2 34. Bxe5 dxe5 35. Kc4 Rc2+ 36. Kb5 Kf7 37. Kc6 c4 38. Kd7 c3 39. Rf1+ Kg7 40. Kxe7 Rd2 41. Rc1 c2 42. d6 1-0


[Site "https://www.chess.com"]

[Event "Titled Tuesday Blitz June 8 2021"]
[White "Bachmann, Axel"]
[Black "Arabidze, Meri"]
[WhiteFideId "3700488"]
[BlackFideId "13604040"]
[WhiteElo "2642"]
[BlackElo "2432"]
[Result "0-1"]
[Round "08"]
[TimeControl "180+1"]
[Date "2021.06.08"]
[WhiteClock "0:00:23"]
[BlackClock "0:00:13"]

1. d4 Nf6 2. c4 e6 3. Nc3 d5 4. cxd5 exd5 5. Bg5 Nbd7 6. e3 c6 7. Bd3 Be7 8. Nge2 Nf8 9. O-O Ne6 10. Bh4 O-O 11. Qc2 g6 12. Rae1 b5 13. f3 Bd7 14. Nc1 Rc8 15. Nb3 a6 16. e4 b4 17. Na4 Nf4 18. Nac5 Nxd3 19. Qxd3 a5 20. e5 Nh5 21. Bxe7 Qxe7 22. Nxa5 Ra8 23. Nab7 Nf4 24. Qd2 Qg5 25. Kh1 Bc8 26. g3 Ne6 27. f4 Qh5 28. Nxe6 Bxe6 29. Nc5 Rxa2 30. Nxe6 fxe6 31. Qxb4 Qf5 32. Qc3 Rb8 33. Rf2 h5 34. Kg2 Kh7 35. Re3 Kh6 36. h3 Ra1 37. Re1 Ra2 38. Rc1 Rb6 39. Rcc2 Qe4+ 40. Kh2 Ra1 41. Qf3 Qe1 42. Qg2 Rb3 43. g4 h4 44. Rce2 Qd1 45. Rd2 Qe1 46. Rfe2 Qc1 47. Rc2 Qxf4+ 0-1


[Site "https://www.chess.com"]

[Event "Titled Tuesday Blitz June 8 2021"]
[White "Bayo Milagro, Alvaro"]
[Black "Popilski, Gil"]
[WhiteFideId "22275240"]
[BlackFideId "2809060"]
[WhiteElo "2270"]
[BlackElo "2537"]
[Result "0-1"]
[Round "08"]
[TimeControl "180+1"]
[Date "2021.06.08"]
[WhiteClock "0:00:02"]
[BlackClock "0:00:17"]

1. d3 d5 2. e4 dxe4 3. dxe4 Qxd1+ 4. Kxd1 Nf6 5. f3 Nc6 6. c3 b6 7. Kc2 Bb7 8. Nh3 Nd7 9. Bf4 e5 10. Be3 Bc5 11. Bf2 a5 12. Nd2 O-O 13. a4 Rad8 14. Bb5 Bxf2 15. Nxf2 Nc5 16. Nc4 f6 17. Rhd1 Ne7 18. Ne3 Ba6 19. Bxa6 Nxa6 20. Nd3 Kf7 21. b4 axb4 22. cxb4 Nc6 23. Nd5 Nd4+ 24. Kb2 Rd7 25. Rdc1 Ne6 26. a5 bxa5 27. Rxa5 Nb8 28. Ra7 Rfd8 29. Nc5 Nxc5 30. Rxc5 c6 31. Rxd7+ Rxd7 32. Ne3 Na6 33. Rxc6 Nxb4 34. Rc4 Nd3+ 35. Kc3 Nf4 36. g3 Rd3+ 37. Kb4 Rxe3 38. gxf4 exf4 39. Kc5 Rxf3 40. Kd4 Kg6 41. Rc7 Rh3 42. Rc2 Kh6 43. Kd5 g5 44. Ke6 Kg6 45. Rc8 Rxh2 46. Rg8+ Kh5 47. Kxf6 h6 48. e5 Re2 49. e6 f3 50. Ra8 f2 0-1


[Site "https://www.chess.com"]

[Event "Titled Tuesday Blitz June 8 2021"]
[White "Bendayan Claros, Aaron"]
[Black "Maximov, Dmitry"]
[WhiteFideId "3803392"]
[BlackFideId "14105659"]
[WhiteElo "2166"]
[BlackElo "2494"]
[Result "1-0"]
[Round "08"]
[TimeControl "180+1"]
[Date "2021.06.08"]
[WhiteClock "0:00:03"]
[BlackClock "0:00:05"]

1. d4 Nf6 2. Bg5 c5 3. Nc3 cxd4 4. Qxd4 Nc6 5. Qh4 e6 6. e4 Be7 7. O-O-O a6 8. f4 Ng8 9. Bxe7 Qxe7 10. Qg3 f6 11. Bc4 Nh6 12. Nf3 O-O 13. Rd2 b5 14. Bb3 Na5 15. Rhd1 Nxb3+ 16. axb3 Ra7 17. Qf2 Rc7 18. Qd4 Nf7 19. e5 f5 20. Qb6 Rc6 21. Qa7 Qc5 22. Qxc5 Rxc5 23. Ne1 g5 24. g3 Kg7 25. Nd3 Rc7 26. b4 Rc4 27. Ne2 h6 28. b3 Rc7 29. Nc5 Rd8 30. Nxe6+ dxe6 31. Rxd8 Nxd8 32. Rxd8 Kf7 33. Kd2 Bb7 34. Nd4 Be4 35. c3 Ra7 36. Rh8 gxf4 37. gxf4 Kg7 38. Rb8 Bd5 39. Rb6 Kf7 40. Kd3 h5 41. c4 bxc4+ 42. bxc4 Be4+ 43. Kc3 h4 44. c5 a5 45. b5 a4 46. Ra6 Rc7 47. c6 h3 48. Rxa4 Ke7 49. b6 Rc8 50. Ra7+ Ke8 51. c7 Kd7 52. Kb4 Bd5 53. Kc5 Be4 54. Nb5 Bd5 55. Nd6 Rg8 56. c8=Q# 1-0


[Site "https://www.chess.com"]

[Event "Titled Tuesday Blitz June 8 2021"]
[White "Bologan, Victor"]
[Black "Pichot, Alan"]
[WhiteFideId "13900048"]
[BlackFideId "110973"]
[WhiteElo "2511"]
[BlackElo "2622"]
[Result "1-0"]
[Round "08"]
[TimeControl "180+1"]
[Date "2021.06.08"]
[WhiteClock "0:00:26"]
[BlackClock "0:00:05"]

1. e4 c5 2. Nf3 e6 3. d4 cxd4 4. Nxd4 Nc6 5. Nc3 Qc7 6. Be2 a6 7. O-O Nf6 8. Kh1 Be7 9. f4 d6 10. Be3 O-O 11. Qe1 Nxd4 12. Bxd4 b5 13. a3 Bb7 14. Qg3 Bc6 15. Rae1 Qb7 16. Bf3 a5 17. Re3 b4 18. axb4 axb4 19. Ne2 d5 20. e5 Ne4 21. Bxe4 dxe4 22. f5 exf5 23. Nf4 Rad8 24. c3 bxc3 25. Bxc3 Bb5 26. Rfe1 Qc6 27. Qh3 Bc5 28. Rg3 Bf2 29. e6 f6 30. Nh5 g6 31. Qxf5 Bxe1 32. Rxg6+ Kh8 33. Bxf6+ 1-0


[Site "https://www.chess.com"]

[Event "Titled Tuesday Blitz June 8 2021"]
[White "Bortnyk, Olexandr"]
[Black "Zierk, Steven"]
[WhiteFideId "14120828"]
[BlackFideId "2034255"]
[WhiteElo "2723"]
[BlackElo "2502"]
[Result "1-0"]
[Round "08"]
[TimeControl "180+1"]
[Date "2021.06.08"]
[WhiteClock "0:01:31"]
[BlackClock "0:01:41"]

1. e4 e6 2. d4 d5 3. Nc3 Bb4 4. exd5 exd5 5. Bd3 Ne7 6. Qf3 Nbc6 7. Ne2 Be6 8. h3 Qd7 9. O-O Bxc3 10. bxc3 Bf5 11. Rb1 b6 12. Ng3 Bg6 13. Re1 O-O 14. Bb5 Rfe8 15. Ba3 a6 16. Rxe7 Rxe7 17. Bxc6 Qxc6 18. Bxe7 Re8 19. Bg5 Bxc2 20. Rc1 Bg6 21. c4 Qa4 22. cxd5 Qxa2 23. Rxc7 Qa1+ 24. Kh2 Qxd4 25. Be7 h5 26. d6 h4 27. d7 hxg3+ 28. Qxg3 1-0


[Site "https://www.chess.com"]

[Event "Titled Tuesday Blitz June 8 2021"]
[White "Bryakin, Mikhail"]
[Black "Blit, Jacques"]
[WhiteFideId "4165314"]
[BlackFideId "114839"]
[WhiteElo "2409"]
[BlackElo "2390"]
[Result "0-1"]
[Round "08"]
[TimeControl "180+1"]
[Date "2021.06.08"]
[WhiteClock "0:01:30"]
[BlackClock "0:01:04"]

1. e4 c5 2. Be2 Nc6 3. f4 d5 4. e5 Bf5 5. Nf3 e6 6. O-O Nge7 7. d3 Bg4 8. c3 Nf5 9. h3 Bxf3 10. Bxf3 h5 11. a4 g6 12. Na3 a6 13. Bd2 Bh6 14. Re1 Qh4 15. Qc1 Rg8 16. Nc2 g5 17. fxg5 Bxg5 18. Bxg5 Rxg5 19. Qd2 O-O-O 20. b4 Rdg8 21. b5 Qxh3 22. Rf1 Nh4 23. Ne1 Nxe5 24. Ra2 Nhxf3+ 25. Nxf3 Nxf3+ 26. Rxf3 Qxf3 27. bxa6 bxa6 28. Rb2 Rxg2+ 0-1


[Site "https://www.chess.com"]

[Event "Titled Tuesday Blitz June 8 2021"]
[White "Can, Emre"]
[Black "Shevtchenko, Olesya"]
[WhiteFideId "6302181"]
[BlackFideId "24131890"]
[WhiteElo "2503"]
[BlackElo "2003"]
[Result "1-0"]
[Round "08"]
[TimeControl "180+1"]
[Date "2021.06.08"]
[WhiteClock "0:00:48"]
[BlackClock "0:00:04"]

1. e4 e6 2. d4 d5 3. Nd2 c5 4. Ngf3 cxd4 5. exd5 Qxd5 6. Bc4 Qd7 7. Nb3 Nc6 8. Nbxd4 Nxd4 9. Qxd4 Qxd4 10. Nxd4 a6 11. O-O b5 12. Be2 Bb7 13. a4 b4 14. a5 Nf6 15. Rd1 Be7 16. Bd2 O-O 17. Be1 Rfd8 18. Nb3 Rac8 19. Rxd8+ Rxd8 20. Rd1 Rxd1 21. Bxd1 Nd7 22. Be2 Kf8 23. f3 Nc5 24. Nc1 Na4 25. Nd3 Ke8 26. Nxb4 Nxb2 27. Nxa6 Kd8 28. Nb4 Bc5+ 29. Kf1 Bd5 30. Nxd5 exd5 31. Bc3 Nc4 32. Bxc4 dxc4 33. Bxg7 Bb4 34. a6 Bc5 35. Ke2 Kc7 36. Bh6 Bd6 37. Be3 Bxh2 38. f4 Bg3 39. Kf3 Be1 40. Ke4 Bc3 41. g4 Bg7 42. Kd5 c3 43. a7 Kb7 44. Kd6 Bf6 45. Kd7 Ka8 46. Ke8 Bh8 47. Kxf7 Kb7 48. g5 Bf6 49. Kxf6 h6 50. gxh6 Ka8 51. h7 Kb7 52. a8=Q+ Kc7 53. Qa7+ Kd6 54. Qb6+ Kd5 55. Qc5+ Ke4 56. h8=Q Kf3 57. Qh1+ Ke2 58. Qg2+ Kd1 59. Qd4+ Ke1 1-0


[Site "https://www.chess.com"]

[Event "Titled Tuesday Blitz June 8 2021"]
[White "Cardoso Cardoso, Jose Gabriel"]
[Black "Weetik, Vjacheslav"]
[WhiteFideId "4430492"]
[BlackFideId "4153472"]
[WhiteElo "2343"]
[BlackElo "2469"]
[Result "0-1"]
[Round "08"]
[TimeControl "180+1"]
[Date "2021.06.08"]
[WhiteClock "0:00:22"]
[BlackClock "0:00:12"]

1. c4 e6 2. Nc3 d5 3. d4 c6 4. e4 dxe4 5. Nxe4 Bb4+ 6. Nc3 c5 7. Nf3 Nf6 8. a3 Ba5 9. Be2 Nc6 10. Be3 Ne4 11. Rc1 cxd4 12. Nxd4 Nxc3 13. bxc3 Bd7 14. O-O O-O 15. Qb3 Bb6 16. Rfd1 Qe7 17. Nxc6 Bxc6 18. Bxb6 axb6 19. Qxb6 Rxa3 20. Qb4 Qg5 21. Bf1 Ra2 22. c5 h6 23. h4 Qf6 24. Qd4 e5 25. Qe3 Qxh4 26. Ra1 Rfa8 27. Rxa2 Rxa2 28. Re1 Qf4 29. Qxf4 exf4 30. Bc4 Rc2 31. Re7 Rxc3 32. Bxf7+ Kf8 33. Rc7 Rxc5 34. f3 b6 35. Bg6 Be8 36. Rb7 Bxg6 37. Rxb6 Be8 38. Rb4 Rf5 39. Kh2 g5 40. Rb7 Bf7 41. Rb6 Kg7 42. Ra6 Rf6 43. Ra5 Kg6 44. Rc5 h5 45. Kh3 Be6+ 46. Kh2 Bf5 47. Rb5 Re6 48. Rb4 Rd6 49. Ra4 Rf6 50. Rb4 Be6 51. Rb6 g4 52. Rb4 g3+ 53. Kg1 Kg5 54. Rb5+ Bf5 55. Rc5 Rd6 56. Kf1 Rd1+ 57. Ke2 Rg1 58. Rc7 Rxg2+ 59. Kf1 Rf2+ 60. Kg1 Rxf3 61. Rg7+ Kh4 62. Kg2 Rf2+ 63. Kg1 Bh3 0-1


[Site "https://www.chess.com"]

[Event "Titled Tuesday Blitz June 8 2021"]
[White "Chasin, Nico"]
[Black "Sarana, Alexey"]
[WhiteFideId "30908477"]
[BlackFideId "24133795"]
[WhiteElo "2135"]
[BlackElo "2629"]
[Result "0-1"]
[Round "08"]
[TimeControl "180+1"]
[Date "2021.06.08"]
[WhiteClock "0:00:11"]
[BlackClock "0:01:03"]

1. d4 Nf6 2. c4 e6 3. Nf3 d5 4. Nc3 Bb4 5. cxd5 exd5 6. Bg5 O-O 7. e3 h6 8. Bh4 Bf5 9. Bd3 Bxd3 10. Qxd3 Nbd7 11. O-O Qe8 12. Rac1 c6 13. a3 Bxc3 14. Rxc3 Ne4 15. Rc2 Qe6 16. Ne1 Rfe8 17. f3 Nd6 18. Bf2 Re7 19. b3 Rae8 20. Re2 Qf5 21. Qxf5 Nxf5 22. Nc2 g5 23. g4 Nd6 24. Rfe1 f5 25. h3 Kf7 26. Kf1 Kg6 27. Bg3 Nf7 28. a4 Nf6 29. gxf5+ Kxf5 30. Nb4 h5 31. Nd3 Kg6 32. Ne5+ Nxe5 33. Bxe5 Nd7 34. Bh2 Nf6 35. Be5 Nd7 36. Bh2 Rf7 37. Kg2 Ref8 38. Rf1 Rf5 39. Ref2 Nf6 40. Be5 Nd7 41. Bd6 R8f6 42. Bh2 Re6 43. Re2 Nf6 44. Be5 g4 45. hxg4 hxg4 46. Bxf6 Rexf6 47. f4 Rh5 48. Kg3 Kf5 49. Rg2 Rh3+ 50. Kf2 Re6 51. Rfg1 0-1


[Site "https://www.chess.com"]

[Event "Titled Tuesday Blitz June 8 2021"]
[White "Csonka, Balazs"]
[Black "Hess, Robert"]
[WhiteFideId "742910"]
[BlackFideId "2022036"]
[WhiteElo "2404"]
[BlackElo "2557"]
[Result "1/2-1/2"]
[Round "08"]
[TimeControl "180+1"]
[Date "2021.06.08"]
[WhiteClock "0:00:04"]
[BlackClock "0:00:15"]

1. d4 g6 2. c4 Bg7 3. e4 d6 4. Nc3 e5 5. d5 f5 6. exf5 gxf5 7. Qh5+ Kf8 8. Bd3 Nf6 9. Qg5 h6 10. Qg6 Qe8 11. Bxf5 Qxg6 12. Bxg6 Na6 13. Nge2 Bg4 14. f3 Bh5 15. Bxh5 Nxh5 16. Be3 Ke7 17. Ng3 Nxg3 18. hxg3 h5 19. a3 Bh6 20. Ke2 Bxe3 21. Kxe3 Rag8 22. Ne4 Nc5 23. Nxc5 dxc5 24. Rh3 Rh6 25. Rah1 Rb6 26. Rxh5 Rxb2 27. Rh7+ Kd8 28. R1h2 Kc8 29. g4 b6 30. Ke4 Re2+ 31. Kf5 Rf8+ 32. Kg6 e4 33. Rh8 Rxh8 34. Rxh8+ Kb7 35. f4 Rxg2 36. g5 e3 37. Re8 e2 38. f5 b5 39. f6 bxc4 40. f7 Rf2 41. Rxe2 Rxe2 42. f8=Q c3 43. Qxc5 c2 44. Kg7 Kc8 45. g6 Kd7 46. Qb5+ Kd8 47. Qc5 Kd7 48. Kf6 Rf2+ 49. Kg7 Re2 1/2-1/2


[Site "https://www.chess.com"]

[Event "Titled Tuesday Blitz June 8 2021"]
[White "Cunjalo, Faris"]
[Black "Baskin, Robert"]
[WhiteFideId "14410710"]
[BlackFideId "24662402"]
[WhiteElo "2234"]
[BlackElo "2462"]
[Result "1-0"]
[Round "08"]
[TimeControl "180+1"]
[Date "2021.06.08"]
[WhiteClock "0:00:41"]
[BlackClock "0:00:35"]

1. Nf3 d5 2. e3 Nf6 3. c4 c6 4. Nc3 a6 5. b3 Bf5 6. Bb2 h6 7. d4 e6 8. Bd3 Bxd3 9. Qxd3 Bb4 10. O-O O-O 11. Rfd1 Nbd7 12. a3 Bxc3 13. Bxc3 Ne4 14. Bb4 Re8 15. a4 a5 16. Ba3 Qb6 17. Rac1 Qa6 18. h3 Reb8 19. Rc2 b5 20. cxd5 cxd5 21. axb5 Rxb5 22. Rc7 Qb6 23. Rxd7 Rxb3 24. Qc2 Rxa3 25. Ne5 Rf8 26. Rb1 Rc3 27. Qxe4 Rb3 28. Rxb3 Qxb3 29. Qf4 a4 30. Rxf7 Rxf7 31. Qxf7+ Kh7 32. Nd7 Kh8 33. Qe8+ Kh7 34. Nf8+ Kh8 35. Nxe6+ Kh7 36. Qf7 1-0


[Site "https://www.chess.com"]

[Event "Titled Tuesday Blitz June 8 2021"]
[White "Demchenko, Anton"]
[Black "Rosen, Eric"]
[WhiteFideId "4160258"]
[BlackFideId "2032562"]
[WhiteElo "2593"]
[BlackElo "2362"]
[Result "1-0"]
[Round "08"]
[TimeControl "180+1"]
[Date "2021.06.08"]
[WhiteClock "0:00:08"]
[BlackClock "0:00:05"]

1. e4 e5 2. Nf3 Nf6 3. Nxe5 Nc6 4. Nxc6 dxc6 5. d3 Bc5 6. Be2 h5 7. h3 Qd4 8. O-O Qd6 9. Be3 Bxe3 10. fxe3 Bxh3 11. Qe1 Bg4 12. Bf3 Bxf3 13. gxf3 g5 14. Nc3 O-O-O 15. d4 Qe6 16. e5 Nd5 17. Ne4 g4 18. f4 Qf5 19. Ng5 Qxc2 20. Rd1 Qg6 21. Qg3 Kb8 22. e4 h4 23. Qf2 Nb6 24. b4 g3 25. Qf3 Nc4 26. Rd3 b5 27. Qg4 f6 28. exf6 Qxf6 29. e5 Qg6 30. f5 Qg8 31. Rfd1 Qd5 32. f6 h3 33. Nxh3 Rdg8 34. Qf5 Nd6 35. Qf3 Qxf3 36. Rxf3 Rxh3 37. exd6 cxd6 38. f7 Rf8 39. Re1 Kc7 40. Re8 Rhh8 41. Re7+ Kb6 42. Rxg3 Rh7 43. Rf3 Rg7+ 44. Kf2 Rg4 45. Ke3 Rg7 46. Rf6 d5 47. Rf3 a5 48. a3 axb4 49. axb4 Rh7 50. Rf6 Rg7 51. Kf4 Rg1 52. Ke5 Re1+ 53. Kd6 Rd8+ 54. Rd7 Rf8 55. Re6 Rf1 56. Ree7 Rf6+ 57. Ke5 Rf5+ 58. Kxf5 Rb8 59. Rb7+ Ka6 60. Ra7+ Kb6 61. Reb7+ Rxb7 62. Rxb7+ Ka6 63. f8=Q c5 64. Qxc5 Kxb7 65. Qxb5+ Kc7 66. Qxd5 Kb6 67. Qc5+ 1-0


[Site "https://www.chess.com"]

[Event "Titled Tuesday Blitz June 8 2021"]
[White "Wagner, Dinara"]
[Black "Goryachkina, Aleksandra"]
[WhiteFideId "24157570"]
[BlackFideId "4147103"]
[WhiteElo "2260"]
[BlackElo "2441"]
[Result "1/2-1/2"]
[Round "08"]
[TimeControl "180+1"]
[Date "2021.06.08"]
[WhiteClock "0:00:39"]
[BlackClock "0:00:12"]

1. d4 Nf6 2. c4 e6 3. Nf3 d5 4. g3 Bb4+ 5. Bd2 Bd6 6. Bg2 O-O 7. Qc2 c6 8. a3 b6 9. O-O Bb7 10. cxd5 cxd5 11. Bb4 Nc6 12. Bxd6 Qxd6 13. Nc3 Rfc8 14. e3 Nd7 15. Rfc1 Na5 16. b3 Qe7 17. Qb2 Ba6 18. Bf1 Bxf1 19. Kxf1 Rc6 20. Nb5 a6 21. Rxc6 Nxc6 22. Rc1 Rc8 23. Nc3 b5 24. Ne2 Qf8 25. Rc2 Na5 26. Nc1 Rxc2 27. Qxc2 Qxa3 28. Qc8+ Nf8 29. Ne5 Qd6 30. Kg2 f6 31. Ned3 Qc6 32. Qd8 Nb7 33. Qa8 Qb6 34. Qc8 Nd6 35. Qa8 Nb7 36. Qc8 Nd6 37. Qa8 Qb7 38. Qd8 Nf7 39. Qe8 Nd6 40. Qd8 Nf7 41. Qe8 Nd6 42. Qd8 1/2-1/2


[Site "https://www.chess.com"]

[Event "Titled Tuesday Blitz June 8 2021"]
[White "Espinosa Veloz, Ermes"]
[Black "Rychkov, Oleg"]
[WhiteFideId "3507424"]
[BlackFideId "4122852"]
[WhiteElo "2333"]
[BlackElo "2493"]
[Result "1-0"]
[Round "08"]
[TimeControl "180+1"]
[Date "2021.06.08"]
[WhiteClock "0:00:44"]
[BlackClock "0:00:15"]

1. e4 c6 2. d4 d5 3. e5 c5 4. Nf3 Nc6 5. c4 Bg4 6. cxd5 Qxd5 7. Nc3 Bxf3 8. Nxd5 Bxd1 9. Nc7+ Kd7 10. Nxa8 Bc2 11. d5 Nxe5 12. Bf4 f6 13. Bxe5 fxe5 14. Rc1 Be4 15. Rxc5 Nf6 16. Bc4 Bxg2 17. Rg1 Bf3 18. Rc7+ Kd6 19. Rxb7 Kc5 20. Rc7+ Kd4 21. Kd2 e6 22. dxe6 Bb4+ 23. Kc2 Rxa8 24. Rgxg7 Nd5 25. Rgd7 Be4+ 26. Kd1 Rg8 27. Ke2 Rg1 28. f3 Rg2+ 29. Kf1 Bxf3 30. Bxd5 Ke3 31. Bxf3 Rf2+ 32. Kg1 Rxb2 33. e7 Kxf3 34. Rd3+ Ke2 35. e8=Q Kxd3 36. Qxe5 1-0


[Site "https://www.chess.com"]

[Event "Titled Tuesday Blitz June 8 2021"]
[White "Fus, Jakub"]
[Black "Holt, Conrad"]
[WhiteFideId "1193023"]
[BlackFideId "2034387"]
[WhiteElo "2138"]
[BlackElo "2586"]
[Result "0-1"]
[Round "08"]
[TimeControl "180+1"]
[Date "2021.06.08"]
[WhiteClock "0:00:10"]
[BlackClock "0:00:13"]

1. d4 d5 2. c4 c6 3. Nf3 Nf6 4. e3 Bf5 5. Nc3 e6 6. Nh4 Bg6 7. g3 Nbd7 8. Qb3 Qc7 9. Bg2 Bd3 10. cxd5 cxd5 11. Bd2 Qb6 12. Nxd5 Qxb3 13. Nxf6+ Nxf6 14. axb3 Ne4 15. Nf3 Bd6 16. Bf1 Bc2 17. Bc4 Ke7 18. Rc1 Nxd2 19. Nxd2 Bg6 20. Ke2 e5 21. Nf3 Bh5 22. Bd5 exd4 23. exd4 Rhd8 24. Rhe1 Bb4 25. Kd3+ Kf8 26. Bxb7 Rab8 27. Bc6 Bxe1 28. Rxe1 Rxb3+ 29. Kc4 Rxf3 30. Bxf3 Bxf3 31. Re5 f6 32. Ra5 Rd7 33. d5 Ke7 34. Kd4 Bg2 35. b4 Kf7 36. Ra6 Rxd5+ 0-1


[Site "https://www.chess.com"]

[Event "Titled Tuesday Blitz June 8 2021"]
[White "Gahan, M G"]
[Black "Ibrahimli, Murad"]
[WhiteFideId "5027373"]
[BlackFideId "13410229"]
[WhiteElo "2264"]
[BlackElo "2109"]
[Result "0-1"]
[Round "08"]
[TimeControl "180+1"]
[Date "2021.06.08"]
[WhiteClock "0:00:05"]
[BlackClock "0:00:05"]

1. e4 c5 2. c3 d5 3. exd5 Qxd5 4. d4 Nf6 5. Nf3 Bg4 6. dxc5 Qxc5 7. Be3 Qa5 8. Na3 Nc6 9. Nc4 Qc7 10. h3 Bh5 11. Be2 e6 12. Qa4 Nd5 13. O-O Be7 14. Rad1 O-O 15. Rfe1 a6 16. Rxd5 exd5 17. Nb6 Rad8 18. Qb3 Qd6 19. Rd1 d4 20. cxd4 Na5 21. Nc4 Nxb3 22. Nxd6 Bxd6 23. axb3 Rfe8 24. Kf1 Bg6 25. Rc1 Rc8 26. Rc3 b5 27. Bd1 Bb4 28. Rxc8 Rxc8 29. Ke2 Be4 30. g4 Bd5 31. Ne5 Bd6 32. Nd3 f6 33. Nc5 Rc6 34. b4 Kf7 35. Bc2 g6 36. h4 Bc7 37. h5 a5 38. bxa5 Bxa5 39. hxg6+ hxg6 40. Bd2 Bxd2 41. Kxd2 b4 42. Bd3 Rb6 43. f4 Rb8 44. g5 f5 45. Nd7 Rh8 46. Ne5+ Kg7 47. Be2 Rh2 48. Nd3 Bf3 49. Nc1 Be4 50. Ke3 Rh3+ 51. Kd2 Kf7 52. Na2 Ke7 53. Nxb4 Rb3 54. Nd3 Bxd3 55. Bxd3 Rxb2+ 56. Kc3 Rf2 57. Kc4 Rxf4 58. Kd5 Rg4 59. Ke5 Rxg5 60. d5 Rg1 61. d6+ Kd8 62. Kf6 f4 63. Be4 f3 64. Bxf3 Rf1 65. Kg5 Rxf3 0-1


[Site "https://www.chess.com"]